Inferno vs Senators
Created - February 25, 2021 at 19:35
Goals
|
Inferno |
4 |
1 |
2 |
7 |
Senators |
3 |
1 |
1 |
5 |
|
Shots
|
Inferno |
16 |
15 |
14 |
45 |
Senators |
15 |
10 |
14 |
39 |
|
1st period
1. Inferno , Matthew Nieto 16 (Greg Pateryn 16, Kevin Labanc 41) at 2:29
2. Senators , Nick Foligno 28 (Jonathan Ferland 43) at 6:02
3. Inferno , Tanner Pearson 39 (Bryan Rust 26, Vladimir Sobotka 24) at 6:38 (PP)
4. Senators , Zemgus Girgensons 19 (Tomas Jurco 22, Kevin Rooney 16) at 7:06
5. Inferno , Kevin Labanc 24 (Philip Varone 31) at 12:21
6. Inferno , Esa Lindell 14 (Vladimir Sobotka 25) at 13:50 (PP)
7. Senators , Jordan Schroeder 19 (Jonathan Ferland 44) at 16:08
Penalties :
Jordan Schroeder (BIN) for Hooking (Minor) at 6:21, Greg Pateryn (Anc) for Hooking (Minor) at 9:58, Grant Besse (BIN) for Cross-checking (Minor) at 13:48
2nd period
8. Senators , Keegan Lowe 6 (A.J. Jenks 14) at 17:24
9. Inferno , Tanner Pearson 40 (Esa Lindell 43) at 18:54 (PP)
Penalties :
Adam Ollas-Mattsson (BIN) for Slashing (Minor) at 13:30, Kevin Rooney (BIN) for Interference (Minor) at 18:39
3rd period
10. Senators , Grant Besse 8 (Joonas Lyytinen 4, Chandler Stephenson 13) at 10:51
11. Inferno , Vladimir Sobotka 12 (Esa Lindell 44) at 15:57 (SH)
12. Inferno , Tanner Pearson 41 (Vladimir Sobotka 26, Colby Cohen 3) at 18:37
Penalties :
Adam Ollas-Mattsson (BIN) for High sticking (Minor) at 7:56, Jake DeBrusk (Anc) for Tripping (Minor) at 14:06, Colby Cohen (Anc) for Hooking (Minor) at 14:50
Goalie Stats
Michael Hutchinson (Anc), 34 saves from 39 shots - (0.872), W, 21-8-7, 60:00 minutes
Justin Peters (BIN), 7 saves from 11 shots - (0.636), 13:50 minutes
Sami Aittokallio (BIN), 31 saves from 34 shots - (0.912), L, 3-7-0, 46:10 minutes
Players Stats for Inferno
Player Name G A P +/- PIM S H SB GA TA FO MP PP MP PK MP
------------------------------------------------------------------------------------
Barclay Goodrow 0 0 0 0 0 2 1 0 0 0 0/0 9:01 0:04 0:00
Bryan Rust 0 1 1 -2 0 5 0 0 0 0 0/0 20:26 2:46 0:45
Colby Cohen 0 1 1 -1 2 1 3 1 0 0 0/0 13:21 0:00 0:54
David Savard 0 0 0 0 0 2 3 0 0 1 0/0 25:39 3:09 3:06
Esa Lindell 1 2 3 0 0 3 1 2 1 1 0/0 25:39 3:09 3:06
Evgeny Svechnikov 0 0 0 -2 0 1 0 1 1 0 0/0 11:53 0:04 0:00
Frank Corrado 0 0 0 -2 0 1 0 1 0 0 0/0 11:32 0:00 0:41
Greg Pateryn 0 1 1 1 2 0 2 5 1 0 0/0 21:53 1:23 0:00
Jake DeBrusk 0 0 0 -2 2 1 1 0 0 0 1/1 12:11 0:04 0:26
Kevin Labanc 1 1 2 1 0 2 1 0 0 0 0/0 15:02 1:42 0:27
Mathieu Brodeur 0 0 0 1 0 3 0 1 0 0 0/0 23:45 1:23 1:36
Matthew Nieto 1 0 1 1 0 2 1 0 1 1 3/5 15:07 1:42 0:00
Peter Cehlarik 0 0 0 0 0 2 0 0 0 0 0/0 7:57 0:00 0:00
Philip Varone 0 1 1 1 0 3 1 1 0 0 9/13 15:17 1:42 0:45
Ryan Spooner 0 0 0 0 0 2 0 0 0 0 2/4 7:42 0:00 0:00
Tanner Pearson 3 0 3 -1 0 7 1 1 0 0 3/10 23:44 2:46 3:11
Victor Rask 0 0 0 -2 0 4 1 0 0 0 2/3 10:43 0:00 0:00
Vladimir Sobotka 1 3 4 0 0 4 2 1 1 0 13/31 23:08 2:46 2:35
Players Stats for Senators
Player Name G A P +/- PIM S H SB GA TA FO MP PP MP PK MP
------------------------------------------------------------------------------------
A.J. Jenks 0 1 1 0 0 3 1 1 1 1 0/0 7:00 0:00 0:00
Adam Ollas-Mattsson 0 0 0 0 4 0 0 0 0 0 0/0 14:03 0:00 0:00
Anthony Richard 0 0 0 0 0 1 0 0 0 0 3/4 7:00 0:00 0:00
Brett Bulmer 0 0 0 0 0 1 0 0 0 0 0/0 7:00 0:00 0:00
Chandler Stephenson 0 1 1 0 0 1 1 0 0 0 3/8 12:09 0:00 0:00
Dylan Blujus 0 0 0 2 0 1 2 4 0 0 0/0 24:26 2:56 2:42
Eric Mestery 0 0 0 0 0 0 0 0 0 0 0/0 0:00 0:00 0:00
Grant Besse 1 0 1 0 2 3 0 0 1 0 0/1 12:08 0:00 0:00
Jack Dougherty 0 0 0 -1 0 3 1 1 1 1 0/0 19:38 1:46 1:39
Jake Evans 0 0 0 0 0 0 0 0 0 0 1/1 0:39 0:00 0:00
Joel Eriksson Ek 0 0 0 0 0 0 0 0 0 0 0/0 1:34 0:00 0:55
Jonathan Ferland 0 2 2 0 0 0 2 0 0 0 5/8 21:47 3:00 2:41
Joonas Lyytinen 0 1 1 0 0 4 2 0 0 1 0/0 12:49 0:00 0:00
Jordan Schroeder 1 0 1 0 2 2 1 0 0 1 15/29 21:02 3:00 0:42
Keegan Lowe 1 0 1 2 0 5 3 5 0 0 0/0 27:33 2:56 2:53
Kevin Rooney 0 1 1 1 2 1 2 1 0 0 5/14 15:18 1:42 0:00
Kyle Connor 0 0 0 0 0 0 0 0 0 0 0/0 0:44 0:00 0:05
Mason Geertsen 0 0 0 0 0 0 1 0 0 0 0/0 3:07 0:00 0:11
Nathan Gerbe 0 0 0 0 0 0 0 0 0 0 0/0 0:00 0:00 0:00
Nick Foligno 1 0 1 0 0 7 1 0 0 0 2/2 23:01 3:00 2:40
Philippe Myers 0 0 0 -1 0 2 0 0 0 1 0/0 19:38 1:46 1:39
Scott Harrington 0 0 0 0 0 0 0 0 0 0 0/0 0:00 0:00 0:00
Tomas Jurco 0 1 1 1 0 3 2 0 0 0 0/0 15:48 1:42 0:30
Zachary Sanford 0 0 0 0 0 0 1 1 0 0 0/0 12:09 0:00 0:00
Zemgus Girgensons 1 0 1 1 0 2 2 0 0 0 0/0 16:50 1:42 1:31
3 Stars
1 - Tanner Pearson (Anc)
2 - Vladimir Sobotka (Anc)
3 - Esa Lindell (Anc)
Power Play
Inferno - 3 on 5 Attempt(s) - 60.00%
Senators - 0 on 3 Attempt(s) - 0.00%
Penalty Kill
Inferno - 3 on 3 Attempt(s) - 100.00%
- Score 1 goal in Penalty Kill
Senators - 2 on 5 Attempt(s) - 40.00%
- Score 0 goal in Penalty Kill
Team Stat
Inferno - Hits : 18 - Faceoff Wins : 33 - Blocked Shots : 14 - Penalty Minutes : 6
Senators - Hits : 22 - Faceoff Wins : 34 - Blocked Shots : 13 - Penalty Minutes : 10
Official
Referees : Unknown
Linesman : Unknown
Game Notes
Sami Aittokallio enters game at 13:50 of 1st period
Tanner Pearson has scored a Hat Trick!
Finance
Level 1 -- Attendance: 1717 (85.85%) -- Ticket Income $56,661
Level 2 -- Attendance: 926 (92.60%) -- Ticket Income $13,890
Total Attendance: 2643 (88.10%)
Total Ticket Income: $70,551
Other Income: $3,528
Total Income: $74,079
Inferno
5 vs 5 Forward
Center Left Wing Right Wing Time % Phy DF OF
1 Vladimir Sobotka Tanner Pearson Bryan Rust 40 1 2 2
2 Philip Varone Matthew Nieto Kevin Labanc 30 1 2 2
3 Victor Rask Jake DeBrusk Evgeny Svechnikov 20 1 2 2
4 Ryan Spooner Peter Cehlarik Barclay Goodrow 10 1 2 2
5 vs 5 Defense
Defense Defense Time % Phy DF OF
1 David Savard Esa Lindell 40 1 2 2
2 Greg Pateryn Mathieu Brodeur 30 1 2 2
3 Colby Cohen Frank Corrado 20 1 2 2
4 Greg Pateryn Mathieu Brodeur 10 1 2 2
PowerPlay Forward
Center Left Wing Right Wing Time % Phy DF OF
1 Vladimir Sobotka Tanner Pearson Bryan Rust 60 1 2 2
2 Philip Varone Matthew Nieto Kevin Labanc 40 1 2 2
PowerPlay Defense
Defense Defense Time % Phy DF OF
1 David Savard Esa Lindell 60 1 2 2
2 Greg Pateryn Mathieu Brodeur 40 1 2 2
Penalty Kill 4 Players Forward
Center Wing Time % Phy DF OF
1 Tanner Pearson Vladimir Sobotka 60 1 2 2
2 Bryan Rust Philip Varone 40 1 2 2
Penalty Kill 4 Players Defense
Defense Defense Time % Phy DF OF
1 David Savard Esa Lindell 60 1 2 2
2 Colby Cohen Mathieu Brodeur 40 1 2 2
Penalty Kill - 3 Players Forward
Forward Time % Phy DF OF
1 Tanner Pearson 60 1 2 2
2 Vladimir Sobotka 40 1 2 2
Penalty Kill - 3 Players Defense
Defense Defense Time % Phy DF OF
1 David Savard Esa Lindell 60 1 2 2
2 Colby Cohen Mathieu Brodeur 40 1 2 2
4 vs 4 Forward
Center Wing Time % Phy DF OF
1 Tanner Pearson Vladimir Sobotka 60 1 2 2
2 Bryan Rust Philip Varone 40 1 2 2
4 vs 4 Defense
Defense Defense Time % Phy DF OF
1 David Savard Esa Lindell 60 1 2 2
2 Greg Pateryn Mathieu Brodeur 40 1 2 2
Last Minutes Offensive
Center Left Wing Right Wing Defense Defense
Vladimir Sobotka Tanner Pearson Bryan Rust David Savard Esa Lindell
Last Minutes Defensive
Center Left Wing Right Wing Defense Defense
Vladimir Sobotka Tanner Pearson Bryan Rust David Savard Esa Lindell
Goaltenders
Starting : Michael Hutchinson
Backup : Nathan Lieuwen
Extra Forwards
Normal : Victor Rask, Matthew Nieto, Evgeny Svechnikov - PP : Evgeny Svechnikov, Jake DeBrusk - PK : Kevin Labanc
Extra Defensemen
Normal : Greg Pateryn, Colby Cohen, Frank Corrado - PP : Greg Pateryn - PK : Colby Cohen, Frank Corrado
Penalty Shots
Tanner Pearson, Vladimir Sobotka, Evgeny Svechnikov, Philip Varone, Matthew Nieto
Scratches
Chris Brown (Healthy), Rasmus Andersson (Healthy), Tyler Shattock (Healthy), Christian Jaros (Healthy), Trevor Carrick (Healthy)
Petteri Lindbohm (Healthy), Alexander True (Healthy), Eric Karlsson (Healthy), John Gilmour (Healthy), Ryan Donato (Healthy)
Vladislav Kamenev (Healthy), Dominik Masin (Healthy), Brandon Hickey (Healthy), Antti Raanta (Healthy), Vitek Vanecek (Healthy)
Senators
5 vs 5 Forward
Center Left Wing Right Wing Time % Phy DF OF
1 Jordan Schroeder Nick Foligno Jonathan Ferland 40 1 2 2
2 Kevin Rooney Zemgus Girgensons Tomas Jurco 30 1 2 2
3 Chandler Stephenson Zachary Sanford Grant Besse 20 1 2 2
4 Anthony Richard A.J. Jenks Brett Bulmer 10 1 2 2
5 vs 5 Defense
Defense Defense Time % Phy DF OF
1 Keegan Lowe Dylan Blujus 40 1 2 2
2 Jack Dougherty Philippe Myers 30 1 2 2
3 Joonas Lyytinen Adam Ollas-Mattsson 20 1 2 2
4 Mason Geertsen Keegan Lowe 10 1 2 2
PowerPlay Forward
Center Left Wing Right Wing Time % Phy DF OF
1 Jordan Schroeder Nick Foligno Jonathan Ferland 60 1 2 2
2 Kevin Rooney Zemgus Girgensons Tomas Jurco 40 1 2 2
PowerPlay Defense
Defense Defense Time % Phy DF OF
1 Keegan Lowe Dylan Blujus 60 1 2 2
2 Jack Dougherty Philippe Myers 40 1 2 2
Penalty Kill 4 Players Forward
Center Wing Time % Phy DF OF
1 Jonathan Ferland Nick Foligno 60 1 2 2
2 Tomas Jurco Zemgus Girgensons 40 1 2 2
Penalty Kill 4 Players Defense
Defense Defense Time % Phy DF OF
1 Keegan Lowe Dylan Blujus 60 1 2 2
2 Jack Dougherty Philippe Myers 40 1 2 2
Penalty Kill - 3 Players Forward
Forward Time % Phy DF OF
1 Jonathan Ferland 60 1 2 2
2 Nick Foligno 40 1 2 2
Penalty Kill - 3 Players Defense
Defense Defense Time % Phy DF OF
1 Keegan Lowe Dylan Blujus 60 1 2 2
2 Jack Dougherty Philippe Myers 40 1 2 2
4 vs 4 Forward
Center Wing Time % Phy DF OF
1 Jonathan Ferland Nick Foligno 60 1 2 2
2 Tomas Jurco Zemgus Girgensons 40 1 2 2
4 vs 4 Defense
Defense Defense Time % Phy DF OF
1 Keegan Lowe Dylan Blujus 60 1 2 2
2 Jack Dougherty Philippe Myers 40 1 2 2
Last Minutes Offensive
Center Left Wing Right Wing Defense Defense
Jordan Schroeder Nick Foligno Jonathan Ferland Keegan Lowe Dylan Blujus
Last Minutes Defensive
Center Left Wing Right Wing Defense Defense
Jordan Schroeder Nick Foligno Jonathan Ferland Keegan Lowe Dylan Blujus
Goaltenders
Starting : Justin Peters
Backup : Sami Aittokallio
Extra Forwards
Normal : Kyle Connor, Jake Evans, Joel Eriksson Ek - PP : Kyle Connor, Jake Evans - PK : Joel Eriksson Ek
Extra Defensemen
Normal : Joonas Lyytinen, Adam Ollas-Mattsson, Mason Geertsen - PP : Joonas Lyytinen - PK : Adam Ollas-Mattsson, Mason Geertsen
Penalty Shots
Jonathan Ferland, Nick Foligno, Tomas Jurco, Zemgus Girgensons, Zachary Sanford
Scratches
Zach Nastasiuk (Healthy), Jonas Siegenthaler (Healthy), Blake Coleman (Healthy), Branden Troock (Healthy), Gustav Forsling (Healthy)
Warren Foegele (Healthy), Maxim Letunov (Healthy), Pontus Sjalin (Healthy), Keven Bouchard (Healthy)
% Time on Ice - Inferno
Lines # - Real PCT - Wanted PCT - Time Play
Normal Forward
1 - 39% - 40% - 20:01
2 - 25% - 30% - 12:50
3 - 20% - 20% - 10:13
4 - 15% - 10% - 7:42
Normal Defense
1 - 38% - 40% - 19:24
2 - 32% - 30% - 16:10
3 - 21% - 20% - 10:36
4 - 9% - 10% - 4:36
PP Forward
1 - 63% - 60% - 2:50
2 - 38% - 40% - 1:42
PP Defense
1 - 69% - 60% - 3:09
2 - 31% - 40% - 1:23
PK Forward
1 - 78% - 60% - 2:42
2 - 22% - 40% - 0:45
PK Defense
1 - 69% - 60% - 2:23
2 - 31% - 40% - 1:04
PK3 Forward
1 - 75% - 60% - 0:56
2 - 25% - 40% - 0:19
PK3 Defense
1 - 57% - 60% - 0:43
2 - 43% - 40% - 0:32
44 Forward
1 - 0% - 60%
2 - 0% - 40%
44 Defense
1 - 0% - 60%
2 - 0% - 40%
Last Minute Offensive - 0:00
Last Minute Defensive - 0:00
Total
Forward - 60:00
Defense - 60:00
|
% Time on Ice - Senators
Lines # - Real PCT - Wanted PCT - Time Play
Normal Forward
1 - 35% - 40% - 18:01
2 - 27% - 30% - 13:36
3 - 24% - 20% - 12:09
4 - 14% - 10% - 7:00
Normal Defense
1 - 37% - 40% - 18:48
2 - 32% - 30% - 16:13
3 - 25% - 20% - 12:49
4 - 6% - 10% - 2:56
PP Forward
1 - 64% - 60% - 3:00
2 - 36% - 40% - 1:42
PP Defense
1 - 62% - 60% - 2:56
2 - 38% - 40% - 1:46
PK Forward
1 - 89% - 60% - 4:02
2 - 11% - 40% - 0:30
PK Defense
1 - 64% - 60% - 2:53
2 - 36% - 40% - 1:39
PK3 Forward
1 - 0% - 60%
2 - 0% - 40%
PK3 Defense
1 - 0% - 60%
2 - 0% - 40%
44 Forward
1 - 0% - 60%
2 - 0% - 40%
44 Defense
1 - 0% - 60%
2 - 0% - 40%
Last Minute Offensive - 0:00
Last Minute Defensive - 0:00
Total
Forward - 60:00
Defense - 60:00
|
Play-by-Play
1st period
0:01 of 1st period - Jordan Schroeder wins face-off versus Tanner Pearson in neutral zone.
0:26 of 1st period - David Savard is hit by Tomas Jurco and loses puck.
0:53 of 1st period - Icing by Chandler Stephenson.
0:54 of 1st period - Ryan Spooner wins face-off versus Chandler Stephenson in Senators zone.
1:11 of 1st period - Wrist shot by Peter Cehlarik.
1:11 of 1st period - Stopped by Justin Peters without a rebound.
1:12 of 1st period - Vladimir Sobotka wins face-off versus Anthony Richard in Senators zone.
1:25 of 1st period - Snap shot by Brett Bulmer.
1:25 of 1st period - Stopped by Michael Hutchinson with a rebound.
1:39 of 1st period - Adam Ollas-Mattsson is hit by Jake DeBrusk and loses puck.
2:08 of 1st period - Slapshot by Jordan Schroeder.
2:08 of 1st period - Shot Misses the Net.
2:10 of 1st period - Slapshot by Keegan Lowe.
2:10 of 1st period - Stopped by Michael Hutchinson with a rebound.
2:19 of 1st period - Off-side.
2:20 of 1st period - Philip Varone wins face-off versus Grant Besse in neutral zone.
2:25 of 1st period - Wrist shot by Kevin Labanc.
2:25 of 1st period - Shot Blocked by Zachary Sanford.
2:27 of 1st period - Wrist shot by Greg Pateryn.
2:27 of 1st period - Shot Misses the Net.
2:29 of 1st period - Snap shot by Matthew Nieto.
2:29 of 1st period - Goal by Matthew Nieto - Inferno : 1 - Senators : 0.
2:30 of 1st period - Jonathan Ferland wins face-off versus Vladimir Sobotka in neutral zone.
2:45 of 1st period - Snap shot by Tanner Pearson.
2:45 of 1st period - Shot Blocked by Dylan Blujus.
2:47 of 1st period - Slapshot by Colby Cohen.
2:47 of 1st period - Shot Blocked by Keegan Lowe.
3:18 of 1st period - Snap shot by Zemgus Girgensons.
3:18 of 1st period - Deflect By A.J. Jenks.
3:18 of 1st period - Stopped by Michael Hutchinson without a rebound.
3:19 of 1st period - Anthony Richard wins face-off versus Ryan Spooner in Inferno zone.
3:24 of 1st period - Snap shot by Anthony Richard.
3:24 of 1st period - Shot Misses the Net.
3:52 of 1st period - Wrist shot by Jonathan Ferland.
3:52 of 1st period - Shot Blocked by Greg Pateryn.
4:01 of 1st period - Off-side.
4:02 of 1st period - Kevin Rooney wins face-off versus Vladimir Sobotka in neutral zone.
4:28 of 1st period - Nick Foligno is hit by David Savard and loses puck.
4:35 of 1st period - Slapshot by Jordan Schroeder.
4:35 of 1st period - Shot Misses the Net.
4:51 of 1st period - Snap shot by Brett Bulmer.
4:51 of 1st period - Shot Hit the Post.
5:11 of 1st period - Mathieu Brodeur is hit by Mason Geertsen and loses puck.
5:20 of 1st period - Tomas Jurco is hit by Colby Cohen and loses puck.
5:37 of 1st period - Keegan Lowe is hit by Colby Cohen and loses puck.
6:02 of 1st period - Wrist shot by Nick Foligno.
6:02 of 1st period - Goal by Nick Foligno - Inferno : 1 - Senators : 1.
6:03 of 1st period - Nick Foligno wins face-off versus Vladimir Sobotka in neutral zone.
6:21 of 1st period - Minor Penalty to Jordan Schroeder for Hooking.
6:22 of 1st period - Vladimir Sobotka wins face-off versus Jonathan Ferland in Senators zone.
6:22 of 1st period - Slapshot by Tanner Pearson.
6:22 of 1st period - Stopped by Justin Peters without a rebound.
6:23 of 1st period - Vladimir Sobotka wins face-off versus Jonathan Ferland in Senators zone.
6:24 of 1st period - Backhand shot by Bryan Rust.
6:24 of 1st period - Stopped by Justin Peters with a rebound.
6:26 of 1st period - Wrist shot by Tanner Pearson.
6:26 of 1st period - Shot Misses the Net.
6:28 of 1st period - Slapshot by David Savard.
6:28 of 1st period - Shot Misses the Net.
6:38 of 1st period - Wrist shot by Tanner Pearson.
6:38 of 1st period - Goal by Tanner Pearson - Inferno : 2 - Senators : 1.
6:39 of 1st period - Jordan Schroeder wins face-off versus Philip Varone in neutral zone.
6:46 of 1st period - Wrist shot by Nick Foligno.
6:46 of 1st period - Stopped by Michael Hutchinson without a rebound.
6:47 of 1st period - Jordan Schroeder wins face-off versus Philip Varone in Inferno zone.
6:56 of 1st period - Backhand shot by Nick Foligno.
6:56 of 1st period - Stopped by Michael Hutchinson without a rebound.
6:57 of 1st period - Kevin Rooney wins face-off versus Vladimir Sobotka in Inferno zone.
6:58 of 1st period - Wrist shot by Tomas Jurco.
6:58 of 1st period - Shot Misses the Net.
7:00 of 1st period - Slapshot by Keegan Lowe.
7:00 of 1st period - Stopped by Michael Hutchinson without a rebound.
7:01 of 1st period - Kevin Rooney wins face-off versus Vladimir Sobotka in Inferno zone.
7:04 of 1st period - Slapshot by Tomas Jurco.
7:04 of 1st period - Shot Hit the Post.
7:06 of 1st period - Wrist shot by Zemgus Girgensons.
7:06 of 1st period - Goal by Zemgus Girgensons - Inferno : 2 - Senators : 2.
7:07 of 1st period - Chandler Stephenson wins face-off versus Vladimir Sobotka in neutral zone.
7:31 of 1st period - Icing by Mathieu Brodeur.
7:32 of 1st period - Philip Varone wins face-off versus Jordan Schroeder in Inferno zone.
8:39 of 1st period - Ryan Spooner is hit by A.J. Jenks and loses puck.
9:03 of 1st period - Slapshot by Ryan Spooner.
9:03 of 1st period - Stopped by Justin Peters with a rebound.
9:11 of 1st period - Wrist shot by Jonathan Ferland.
9:11 of 1st period - Shot Misses the Net.
9:13 of 1st period - Snap shot by Jordan Schroeder.
9:13 of 1st period - Shot Blocked by Philip Varone.
9:58 of 1st period - Minor Penalty to Greg Pateryn for Hooking.
9:59 of 1st period - Tanner Pearson wins face-off versus Jordan Schroeder in Inferno zone.
11:23 of 1st period - David Savard is hit by Nick Foligno and loses puck.
11:58 of 1st period - Penalty to Greg Pateryn is over, Greg Pateryn is back on ice.
12:13 of 1st period - Wrist shot by Barclay Goodrow.
12:13 of 1st period - Stopped by Justin Peters without a rebound.
12:14 of 1st period - Anthony Richard wins face-off versus Matthew Nieto in Senators zone.
12:21 of 1st period - Snap shot by Kevin Labanc.
12:21 of 1st period - Goal by Kevin Labanc - Inferno : 3 - Senators : 2.
12:22 of 1st period - Jordan Schroeder wins face-off versus Vladimir Sobotka in neutral zone.
12:34 of 1st period - Slapshot by Jonathan Ferland.
12:34 of 1st period - Shot Misses the Net.
12:36 of 1st period - Wrist shot by Nick Foligno.
12:36 of 1st period - Stopped by Michael Hutchinson with a rebound.
12:38 of 1st period - Snap shot by Dylan Blujus.
12:38 of 1st period - Stopped by Michael Hutchinson without a rebound.
12:39 of 1st period - Matthew Nieto wins face-off versus Kevin Rooney in Inferno zone.
12:52 of 1st period - Slapshot by Philip Varone.
12:52 of 1st period - Stopped by Justin Peters without a rebound.
12:53 of 1st period - Vladimir Sobotka wins face-off versus Jordan Schroeder in Senators zone.
13:02 of 1st period - Snap shot by Vladimir Sobotka.
13:02 of 1st period - Stopped by Justin Peters with a rebound.
13:20 of 1st period - Esa Lindell is hit by Zemgus Girgensons and loses puck.
13:48 of 1st period - Minor Penalty to Grant Besse for Cross-checking.
13:49 of 1st period - Vladimir Sobotka wins face-off versus Jonathan Ferland in Senators zone.
13:50 of 1st period - Slapshot by Esa Lindell.
13:50 of 1st period - Goal by Esa Lindell - Inferno : 4 - Senators : 2.
13:50 of 1st period - Sami Aittokallio enters game.
13:51 of 1st period - Jordan Schroeder wins face-off versus Vladimir Sobotka in neutral zone.
14:50 of 1st period - Snap shot by Chandler Stephenson.
14:50 of 1st period - Deflect By Grant Besse.
14:50 of 1st period - Stopped by Michael Hutchinson with a rebound.
15:06 of 1st period - Slapshot by Esa Lindell.
15:06 of 1st period - Stopped by Sami Aittokallio with a rebound.
15:28 of 1st period - Slapshot by Esa Lindell.
15:28 of 1st period - Shot Misses the Net.
15:31 of 1st period - Icing by Jack Dougherty.
15:32 of 1st period - Vladimir Sobotka wins face-off versus Kevin Rooney in Senators zone.
15:39 of 1st period - Slapshot by Bryan Rust.
15:39 of 1st period - Stopped by Sami Aittokallio with a rebound.
16:02 of 1st period - Wrist shot by Jordan Schroeder.
16:02 of 1st period - Shot Misses the Net.
16:08 of 1st period - Snap shot by Jordan Schroeder.
16:08 of 1st period - Goal by Jordan Schroeder - Inferno : 4 - Senators : 3.
16:09 of 1st period - Jordan Schroeder wins face-off versus Vladimir Sobotka in neutral zone.
16:48 of 1st period - Snap shot by Kevin Rooney.
16:48 of 1st period - Deflect By Tomas Jurco.
16:48 of 1st period - Stopped by Michael Hutchinson with a rebound.
17:44 of 1st period - Vladimir Sobotka is hit by Jonathan Ferland and loses puck.
17:59 of 1st period - Matthew Nieto is hit by Tomas Jurco and loses puck.
18:18 of 1st period - Kevin Labanc is hit by Chandler Stephenson and loses puck.
18:35 of 1st period - Wrist shot by Philip Varone.
18:35 of 1st period - Shot Misses the Net.
18:37 of 1st period - Slapshot by Greg Pateryn.
18:37 of 1st period - Shot Blocked by A.J. Jenks.
18:39 of 1st period - Slapshot by Philip Varone.
18:39 of 1st period - Deflect By Keegan Lowe.
18:39 of 1st period - Stopped by Sami Aittokallio without a rebound.
18:40 of 1st period - Jonathan Ferland wins face-off versus Vladimir Sobotka in Senators zone.
18:54 of 1st period - Snap shot by Tanner Pearson.
18:54 of 1st period - Stopped by Sami Aittokallio without a rebound.
18:55 of 1st period - Victor Rask wins face-off versus Kevin Rooney in Senators zone.
18:56 of 1st period - Backhand shot by Esa Lindell.
18:56 of 1st period - Shot Misses the Net.
18:58 of 1st period - Slapshot by David Savard.
18:58 of 1st period - Shot Blocked by Kevin Rooney.
19:00 of 1st period - Snap shot by Victor Rask.
19:00 of 1st period - Stopped by Sami Aittokallio with a rebound.
19:02 of 1st period - Slapshot by David Savard.
19:02 of 1st period - Shot Blocked by Dylan Blujus.
19:08 of 1st period - Slapshot by Jake DeBrusk.
19:08 of 1st period - Deflect By Zemgus Girgensons.
19:08 of 1st period - Shot Blocked by Dylan Blujus.
19:08 of 1st period - Puck is out of play.
19:09 of 1st period - Jordan Schroeder wins face-off versus Tanner Pearson in Senators zone.
19:24 of 1st period - Wrist shot by Nick Foligno.
19:24 of 1st period - Stopped by Michael Hutchinson with a rebound.
19:41 of 1st period - Snap shot by Tomas Jurco.
19:41 of 1st period - Shot Misses the Net.
19:43 of 1st period - Snap shot by Kevin Rooney.
19:43 of 1st period - Stopped by Michael Hutchinson with a rebound.
Goals for this period are 4 for Inferno vs 3 for Senators.
Shots for this period are 16 for Inferno vs 15 for Senators.
2nd period
0:01 of 2nd period - Vladimir Sobotka wins face-off versus Jordan Schroeder in neutral zone.
0:36 of 2nd period - Wrist shot by Jake DeBrusk.
0:36 of 2nd period - Stopped by Sami Aittokallio with a rebound.
0:46 of 2nd period - Wrist shot by Matthew Nieto.
0:46 of 2nd period - Stopped by Sami Aittokallio without a rebound.
0:47 of 2nd period - Philip Varone wins face-off versus Kevin Rooney in Senators zone.
2:37 of 2nd period - Wrist shot by Tanner Pearson.
2:37 of 2nd period - Shot Misses the Net.
2:39 of 2nd period - Wrist shot by Vladimir Sobotka.
2:39 of 2nd period - Shot Misses the Net.
2:41 of 2nd period - Wrist shot by Tanner Pearson.
2:41 of 2nd period - Stopped by Sami Aittokallio with a rebound.
2:43 of 2nd period - Slapshot by Mathieu Brodeur.
2:43 of 2nd period - Shot Blocked by Keegan Lowe.
3:03 of 2nd period - Snap shot by A.J. Jenks.
3:03 of 2nd period - Stopped by Michael Hutchinson without a rebound.
3:04 of 2nd period - Jake DeBrusk wins face-off versus Jordan Schroeder in Inferno zone.
3:21 of 2nd period - Wrist shot by Victor Rask.
3:21 of 2nd period - Stopped by Sami Aittokallio with a rebound.
3:42 of 2nd period - Snap shot by Bryan Rust.
3:42 of 2nd period - Stopped by Sami Aittokallio with a rebound.
3:44 of 2nd period - Slapshot by Bryan Rust.
3:44 of 2nd period - Stopped by Sami Aittokallio with a rebound.
4:52 of 2nd period - Snap shot by Anthony Richard.
4:52 of 2nd period - Stopped by Michael Hutchinson without a rebound.
4:53 of 2nd period - Jordan Schroeder wins face-off versus Victor Rask in Inferno zone.
5:47 of 2nd period - Wrist shot by Victor Rask.
5:47 of 2nd period - Stopped by Sami Aittokallio with a rebound.
5:49 of 2nd period - Slapshot by Victor Rask.
5:49 of 2nd period - Shot Misses the Net.
5:51 of 2nd period - Slapshot by Colby Cohen.
5:51 of 2nd period - Stopped by Sami Aittokallio with a rebound.
5:53 of 2nd period - Slapshot by Victor Rask.
5:53 of 2nd period - Shot Misses the Net.
6:01 of 2nd period - Wrist shot by Victor Rask.
6:01 of 2nd period - Shot Misses the Net.
6:03 of 2nd period - Wrist shot by Victor Rask.
6:03 of 2nd period - Shot Misses the Net.
6:05 of 2nd period - Snap shot by Jake DeBrusk.
6:05 of 2nd period - Shot Misses the Net.
6:07 of 2nd period - Slapshot by Frank Corrado.
6:07 of 2nd period - Stopped by Sami Aittokallio without a rebound.
6:08 of 2nd period - Kevin Rooney wins face-off versus Vladimir Sobotka in Senators zone.
6:34 of 2nd period - Matthew Nieto is hit by Dylan Blujus and loses puck.
6:58 of 2nd period - Greg Pateryn is hit by Jack Dougherty and loses puck.
7:22 of 2nd period - Adam Ollas-Mattsson is hit by Vladimir Sobotka and loses puck.
7:40 of 2nd period - Zachary Sanford is hit by Matthew Nieto and loses puck.
7:47 of 2nd period - Zachary Sanford is hit by Philip Varone and loses puck.
8:24 of 2nd period - Nick Foligno is hit by Victor Rask and loses puck.
9:43 of 2nd period - Icing by Zachary Sanford.
9:44 of 2nd period - Chandler Stephenson wins face-off versus Philip Varone in Senators zone.
9:49 of 2nd period - Frank Corrado is hit by Dylan Blujus.
10:13 of 2nd period - Snap shot by Vladimir Sobotka.
10:13 of 2nd period - Shot Blocked by Dylan Blujus.
10:15 of 2nd period - Slapshot by David Savard.
10:15 of 2nd period - Shot Blocked by Keegan Lowe.
10:17 of 2nd period - Slapshot by Vladimir Sobotka.
10:17 of 2nd period - Stopped by Sami Aittokallio with a rebound.
10:39 of 2nd period - Off-side.
10:40 of 2nd period - Philip Varone wins face-off versus Chandler Stephenson in neutral zone.
11:06 of 2nd period - Nick Foligno is hit by Tanner Pearson and loses puck.
11:11 of 2nd period - Slapshot by Vladimir Sobotka.
11:11 of 2nd period - Shot Misses the Net.
11:39 of 2nd period - Snap shot by Tomas Jurco.
11:39 of 2nd period - Stopped by Michael Hutchinson without a rebound.
11:40 of 2nd period - Chandler Stephenson wins face-off versus Vladimir Sobotka in Inferno zone.
11:41 of 2nd period - Snap shot by Zachary Sanford.
11:41 of 2nd period - Shot Misses the Net.
12:06 of 2nd period - Kevin Labanc is hit by Jonathan Ferland and loses puck.
12:15 of 2nd period - Wrist shot by Jonathan Ferland.
12:15 of 2nd period - Shot Blocked by Greg Pateryn.
12:17 of 2nd period - Slapshot by Jack Dougherty.
12:17 of 2nd period - Deflect By Nick Foligno.
12:17 of 2nd period - Stopped by Michael Hutchinson with a rebound.
12:19 of 2nd period - Wrist shot by Jonathan Ferland.
12:19 of 2nd period - Shot Misses the Net.
12:53 of 2nd period - Slapshot by A.J. Jenks.
12:53 of 2nd period - Shot Misses the Net.
12:55 of 2nd period - Slapshot by Jack Dougherty.
12:55 of 2nd period - Stopped by Michael Hutchinson with a rebound.
12:57 of 2nd period - Slapshot by Jack Dougherty.
12:57 of 2nd period - Stopped by Michael Hutchinson with a rebound.
12:59 of 2nd period - Snap shot by Brett Bulmer.
12:59 of 2nd period - Shot Blocked by Vladimir Sobotka.
13:01 of 2nd period - Slapshot by Jack Dougherty.
13:01 of 2nd period - Stopped by Michael Hutchinson with a rebound.
13:03 of 2nd period - Wrist shot by Adam Ollas-Mattsson.
13:03 of 2nd period - Shot Misses the Net.
13:13 of 2nd period - Joonas Lyytinen is hit by David Savard and loses puck.
13:30 of 2nd period - Minor Penalty to Adam Ollas-Mattsson for Slashing.
13:31 of 2nd period - Jonathan Ferland wins face-off versus Tanner Pearson in Senators zone.
14:08 of 2nd period - Wrist shot by Kevin Labanc.
14:08 of 2nd period - Stopped by Sami Aittokallio with a rebound.
15:09 of 2nd period - Kevin Labanc is hit by Keegan Lowe and loses puck.
15:30 of 2nd period - Penalty to Adam Ollas-Mattsson is over, Adam Ollas-Mattsson is back on ice.
15:46 of 2nd period - Adam Ollas-Mattsson is hit by Barclay Goodrow and loses puck.
16:19 of 2nd period - Slapshot by Evgeny Svechnikov.
16:19 of 2nd period - Stopped by Sami Aittokallio with a rebound.
16:32 of 2nd period - Snap shot by Nick Foligno.
16:32 of 2nd period - Shot Misses the Net.
16:40 of 2nd period - Wrist shot by Jordan Schroeder.
16:40 of 2nd period - Shot Misses the Net.
16:42 of 2nd period - Slapshot by Philippe Myers.
16:42 of 2nd period - Shot Blocked by Esa Lindell.
16:44 of 2nd period - Snap shot by Nick Foligno.
16:44 of 2nd period - Stopped by Michael Hutchinson without a rebound.
16:45 of 2nd period - Vladimir Sobotka wins face-off versus Kevin Rooney in Inferno zone.
16:45 of 2nd period - Vladimir Sobotka is hit by Keegan Lowe.
17:22 of 2nd period - Snap shot by A.J. Jenks.
17:22 of 2nd period - Shot Blocked by Tanner Pearson.
17:24 of 2nd period - Wrist shot by Keegan Lowe.
17:24 of 2nd period - Goal by Keegan Lowe - Inferno : 4 - Senators : 4.
17:25 of 2nd period - Matthew Nieto wins face-off versus Kevin Rooney in neutral zone.
17:34 of 2nd period - Wrist shot by Zemgus Girgensons.
17:34 of 2nd period - Shot Blocked by Mathieu Brodeur.
17:52 of 2nd period - Bryan Rust is hit by Zachary Sanford and loses puck.
18:15 of 2nd period - Snap shot by Peter Cehlarik.
18:15 of 2nd period - Deflect By Ryan Spooner.
18:15 of 2nd period - Stopped by Sami Aittokallio without a rebound.
18:16 of 2nd period - Kevin Rooney wins face-off versus Tanner Pearson in Senators zone.
18:27 of 2nd period - Wrist shot by Zemgus Girgensons.
18:27 of 2nd period - Shot Misses the Net.
18:29 of 2nd period - Snap shot by Zemgus Girgensons.
18:29 of 2nd period - Stopped by Michael Hutchinson with a rebound.
18:39 of 2nd period - Minor Penalty to Kevin Rooney for Interference.
18:40 of 2nd period - Nick Foligno wins face-off versus Vladimir Sobotka in Senators zone.
18:54 of 2nd period - Snap shot by Tanner Pearson.
18:54 of 2nd period - Goal by Tanner Pearson - Inferno : 5 - Senators : 4.
18:55 of 2nd period - Matthew Nieto wins face-off versus Jordan Schroeder in neutral zone.
19:49 of 2nd period - Snap shot by Victor Rask.
19:49 of 2nd period - Stopped by Sami Aittokallio without a rebound.
19:50 of 2nd period - Jordan Schroeder wins face-off versus Vladimir Sobotka in Senators zone.
19:57 of 2nd period - Snap shot by Philippe Myers.
19:57 of 2nd period - Shot Blocked by Greg Pateryn.
Goals for this period are 1 for Inferno vs 1 for Senators.
Shots for this period are 15 for Inferno vs 10 for Senators.
3rd period
0:01 of 3rd period - Jordan Schroeder wins face-off versus Philip Varone in neutral zone.
0:16 of 3rd period - Slapshot by Esa Lindell.
0:16 of 3rd period - Stopped by Sami Aittokallio with a rebound.
0:26 of 3rd period - Tanner Pearson is hit by Kevin Rooney and loses puck.
0:49 of 3rd period - Slapshot by Chandler Stephenson.
0:49 of 3rd period - Stopped by Michael Hutchinson with a rebound.
0:51 of 3rd period - Slapshot by Joonas Lyytinen.
0:51 of 3rd period - Stopped by Michael Hutchinson with a rebound.
0:53 of 3rd period - Wrist shot by Grant Besse.
0:53 of 3rd period - Stopped by Michael Hutchinson with a rebound.
0:55 of 3rd period - Slapshot by Joonas Lyytinen.
0:55 of 3rd period - Deflect By Mathieu Brodeur.
0:55 of 3rd period - Stopped by Michael Hutchinson with a rebound.
0:57 of 3rd period - Wrist shot by Zachary Sanford.
0:57 of 3rd period - Shot Blocked by Greg Pateryn.
1:07 of 3rd period - Wrist shot by A.J. Jenks.
1:07 of 3rd period - Stopped by Michael Hutchinson without a rebound.
1:08 of 3rd period - Anthony Richard wins face-off versus Ryan Spooner in Inferno zone.
1:09 of 3rd period - Slapshot by A.J. Jenks.
1:09 of 3rd period - Shot Blocked by Colby Cohen.
1:48 of 3rd period - Slapshot by David Savard.
1:48 of 3rd period - Stopped by Sami Aittokallio with a rebound.
1:50 of 3rd period - Slapshot by Barclay Goodrow.
1:50 of 3rd period - Stopped by Sami Aittokallio without a rebound.
1:51 of 3rd period - Vladimir Sobotka wins face-off versus Jordan Schroeder in Senators zone.
2:23 of 3rd period - Snap shot by Tomas Jurco.
2:23 of 3rd period - Stopped by Michael Hutchinson without a rebound.
2:24 of 3rd period - Philip Varone wins face-off versus Jordan Schroeder in Inferno zone.
2:55 of 3rd period - Off-side.
2:56 of 3rd period - Vladimir Sobotka wins face-off versus Chandler Stephenson in neutral zone.
3:01 of 3rd period - Slapshot by Greg Pateryn.
3:01 of 3rd period - Shot Misses the Net.
3:03 of 3rd period - Slapshot by Mathieu Brodeur.
3:03 of 3rd period - Stopped by Sami Aittokallio with a rebound.
3:09 of 3rd period - Snap shot by Tanner Pearson.
3:09 of 3rd period - Stopped by Sami Aittokallio with a rebound.
3:11 of 3rd period - Wrist shot by Vladimir Sobotka.
3:11 of 3rd period - Stopped by Sami Aittokallio with a rebound.
3:13 of 3rd period - Slapshot by Mathieu Brodeur.
3:13 of 3rd period - Stopped by Sami Aittokallio with a rebound.
3:37 of 3rd period - Chandler Stephenson is hit by Vladimir Sobotka and loses puck.
3:43 of 3rd period - Icing by Keegan Lowe.
3:44 of 3rd period - Philip Varone wins face-off versus Chandler Stephenson in Senators zone.
4:36 of 3rd period - Jack Dougherty is hit by David Savard and loses puck.
4:41 of 3rd period - Snap shot by Peter Cehlarik.
4:41 of 3rd period - Stopped by Sami Aittokallio without a rebound.
4:42 of 3rd period - Philip Varone wins face-off versus Jordan Schroeder in Senators zone.
4:51 of 3rd period - Slapshot by Philippe Myers.
4:51 of 3rd period - Stopped by Michael Hutchinson with a rebound.
4:53 of 3rd period - Slapshot by Philippe Myers.
4:53 of 3rd period - Deflect By Philip Varone.
4:53 of 3rd period - Stopped by Michael Hutchinson without a rebound.
4:54 of 3rd period - Jordan Schroeder wins face-off versus Vladimir Sobotka in Inferno zone.
5:20 of 3rd period - Mathieu Brodeur is hit by Kevin Rooney and loses puck.
6:30 of 3rd period - Wrist shot by Anthony Richard.
6:30 of 3rd period - Shot Misses the Net.
6:32 of 3rd period - Snap shot by A.J. Jenks.
6:32 of 3rd period - Shot Misses the Net.
6:34 of 3rd period - Slapshot by Keegan Lowe.
6:34 of 3rd period - Stopped by Michael Hutchinson with a rebound.
7:18 of 3rd period - Snap shot by Kevin Labanc.
7:18 of 3rd period - Deflect By Philip Varone.
7:18 of 3rd period - Stopped by Sami Aittokallio without a rebound.
7:19 of 3rd period - Philip Varone wins face-off versus Jordan Schroeder in Senators zone.
7:22 of 3rd period - Wrist shot by Kevin Labanc.
7:22 of 3rd period - Shot Blocked by Keegan Lowe.
7:24 of 3rd period - Slapshot by David Savard.
7:24 of 3rd period - Shot Blocked by Keegan Lowe.
7:28 of 3rd period - Slapshot by Matthew Nieto.
7:28 of 3rd period - Shot Misses the Net.
7:49 of 3rd period - Slapshot by Vladimir Sobotka.
7:49 of 3rd period - Shot Misses the Net.
7:51 of 3rd period - Slapshot by Bryan Rust.
7:51 of 3rd period - Stopped by Sami Aittokallio without a rebound.
7:52 of 3rd period - Vladimir Sobotka wins face-off versus Kevin Rooney in Senators zone.
7:56 of 3rd period - Minor Penalty to Adam Ollas-Mattsson for High sticking.
7:57 of 3rd period - Jonathan Ferland wins face-off versus Vladimir Sobotka in Senators zone.
8:07 of 3rd period - Snap shot by David Savard.
8:07 of 3rd period - Deflect By Nick Foligno.
8:07 of 3rd period - Stopped by Sami Aittokallio without a rebound.
8:08 of 3rd period - Jonathan Ferland wins face-off versus Vladimir Sobotka in Senators zone.
8:51 of 3rd period - Philippe Myers is hit by Esa Lindell and loses puck.
9:56 of 3rd period - Penalty to Adam Ollas-Mattsson is over, Adam Ollas-Mattsson is back on ice.
10:12 of 3rd period - Adam Ollas-Mattsson is hit by Greg Pateryn and loses puck.
10:16 of 3rd period - Icing by Adam Ollas-Mattsson.
10:17 of 3rd period - Ryan Spooner wins face-off versus Chandler Stephenson in Senators zone.
10:30 of 3rd period - Ryan Spooner is hit by Joonas Lyytinen and loses puck.
10:41 of 3rd period - Slapshot by Zachary Sanford.
10:41 of 3rd period - Shot Blocked by Frank Corrado.
10:43 of 3rd period - Slapshot by Joonas Lyytinen.
10:43 of 3rd period - Stopped by Michael Hutchinson with a rebound.
10:45 of 3rd period - Snap shot by Joonas Lyytinen.
10:45 of 3rd period - Shot Misses the Net.
10:47 of 3rd period - Snap shot by Chandler Stephenson.
10:47 of 3rd period - Shot Blocked by Evgeny Svechnikov.
10:49 of 3rd period - Slapshot by Joonas Lyytinen.
10:49 of 3rd period - Stopped by Michael Hutchinson with a rebound.
10:51 of 3rd period - Snap shot by Grant Besse.
10:51 of 3rd period - Goal by Grant Besse - Inferno : 5 - Senators : 5.
10:52 of 3rd period - Jordan Schroeder wins face-off versus Vladimir Sobotka in neutral zone.
10:55 of 3rd period - Slapshot by Keegan Lowe.
10:55 of 3rd period - Stopped by Michael Hutchinson without a rebound.
10:56 of 3rd period - Vladimir Sobotka wins face-off versus Jordan Schroeder in Inferno zone.
11:07 of 3rd period - Snap shot by Bryan Rust.
11:07 of 3rd period - Shot Misses the Net.
12:57 of 3rd period - Philippe Myers is hit by Kevin Labanc and loses puck.
13:11 of 3rd period - Icing by Colby Cohen.
13:12 of 3rd period - Philip Varone wins face-off versus Jordan Schroeder in Inferno zone.
14:06 of 3rd period - Minor Penalty to Jake DeBrusk for Tripping.
14:07 of 3rd period - Jordan Schroeder wins face-off versus Tanner Pearson in Inferno zone.
14:32 of 3rd period - Vladimir Sobotka is hit by Zemgus Girgensons and loses puck.
14:50 of 3rd period - Minor Penalty to Colby Cohen for Hooking.
14:51 of 3rd period - Tanner Pearson wins face-off versus Jordan Schroeder in Inferno zone.
14:51 of 3rd period - Tanner Pearson is hit by Keegan Lowe.
15:43 of 3rd period - Mathieu Brodeur is hit by Jordan Schroeder and loses puck.
15:51 of 3rd period - Icing by Jack Dougherty.
15:52 of 3rd period - Vladimir Sobotka wins face-off versus Jordan Schroeder in Senators zone.
15:57 of 3rd period - Snap shot by Vladimir Sobotka.
15:57 of 3rd period - Goal by Vladimir Sobotka - Inferno : 6 - Senators : 5.
15:58 of 3rd period - Jordan Schroeder wins face-off versus Tanner Pearson in neutral zone.
16:05 of 3rd period - Slapshot by Jordan Schroeder.
16:05 of 3rd period - Shot Blocked by Esa Lindell.
16:06 of 3rd period - Penalty to Jake DeBrusk is over, Jake DeBrusk is back on ice.
16:07 of 3rd period - Snap shot by Jonathan Ferland.
16:07 of 3rd period - Deflect By Jordan Schroeder.
16:07 of 3rd period - Stopped by Michael Hutchinson without a rebound.
16:08 of 3rd period - Jordan Schroeder wins face-off versus Tanner Pearson in Inferno zone.
16:40 of 3rd period - Off-side.
16:41 of 3rd period - Tanner Pearson wins face-off versus Kevin Rooney in neutral zone.
16:50 of 3rd period - Penalty to Colby Cohen is over, Colby Cohen is back on ice.
17:28 of 3rd period - Jonathan Ferland is hit by Colby Cohen and loses puck.
17:37 of 3rd period - Snap shot by Vladimir Sobotka.
17:37 of 3rd period - Shot Hit the Post.
17:39 of 3rd period - Snap shot by Greg Pateryn.
17:39 of 3rd period - Shot Blocked by Jack Dougherty.
17:41 of 3rd period - Slapshot by Mathieu Brodeur.
17:41 of 3rd period - Stopped by Sami Aittokallio with a rebound.
17:43 of 3rd period - Snap shot by Vladimir Sobotka.
17:43 of 3rd period - Shot Misses the Net.
18:08 of 3rd period - Snap shot by Jonathan Ferland.
18:08 of 3rd period - Shot Blocked by Greg Pateryn.
18:37 of 3rd period - Wrist shot by Tanner Pearson.
18:37 of 3rd period - Deflect By Jack Dougherty.
18:37 of 3rd period - Goal by Tanner Pearson - Inferno : 7 - Senators : 5.
18:38 of 3rd period - Victor Rask wins face-off versus Kevin Rooney in neutral zone.
19:18 of 3rd period - Icing by Keegan Lowe.
19:19 of 3rd period - Jake Evans wins face-off versus Matthew Nieto in Senators zone.
19:19 of 3rd period - Jake Evans is hit by Greg Pateryn.
19:34 of 3rd period - Mathieu Brodeur is hit by Joonas Lyytinen and loses puck.
Goals for this period are 2 for Inferno vs 1 for Senators.
Shots for this period are 14 for Inferno vs 14 for Senators.